AoeStats
← Fenix

African Clearing

510563161Analyzed
4v4 RM · 16h ago on Oct 1, 2026· 20m 38s· 8 players
Game mode
Random Map
Map size
Large (8 player)
Population
200
Speed
Normal
Resources
Standard
Victory
Conquest
Starting age
Dark Age
Ending age
Imperial Age
RankedLock teamsTeams togetherTeam positionsShared explorationLock speedFull tech treeHidden civsTurbo modeCheats
Victory
Defeat
🇨🇳 Dravidians · China
1351
+13
🇨🇳 Armenians · China
1311
+15
🇭🇺 Varangians · Hungary
1306
+16
🇭🇰 Persians · Hong Kong SAR China
1306
+15
🇦🇷 Spanish · Argentina
1308
-15
🇵🇪 Mongols · Peru
1298
-15
🇵🇪 Georgians · Peru
1298
-15
🇦🇷 Koreans · Argentina
1264
-14
scurhun
6:38 Loom
14:26 Feudal Age
19:43 Castle Age
17:52 Double-Bit Axe
stormgoing
12:25 Feudal Age
16:33 Castle Age
14:55 Double-Bit Axe
17:37 Wheelbarrow
19:02 Bloodlines
19:03 Scale Barding Armor
仙逆许木
14:45 Feudal Age
13:22 Loom
18:14 Castle Age
16:29 Double-Bit Axe
19:25 Bow Saw
18:58 Horse Collar
Hakka
3:44 Loom
18:27 Feudal Age
18:33 Man-at-Arms
19:00 Arson
Anakin
4:40 Loom
12:32 Feudal Age
M-A
3:02 Loom
13:54 Feudal Age
18:35 Castle Age
17:28 Stone Mining
19:50 Husbandry
19:59 Padded Archer Armor
20:17 Double-Bit Axe
PNAL | CaligariClown
7:53 Loom
11:31 Feudal Age
12:00 Double-Bit Axe
Fenix
13:09 Feudal Age
12:35 Loom
17:40 Castle Age
16:00 Double-Bit Axe
19:54 Bow Saw
Connection lost

Rejoining the realm…

Still unreachable

The connection could not be restored.

Session expired

The server has moved on; the page needs a fresh start.